Map: Ruins of Seras

Players

Bop

  • Race: Terran Terran

TRiLoBiT - Winner!

  • Race: Zerg Zerg

VOD

Have the link to the VOD?

Description

Time

  • Played on: May 3, 2015, 2:15 a.m.
  • Length: 8:29
Show
View Real Time Build Order
Export as new Build Order

Bop Terran 

Build Orders: 6 Rax Reaper 

Get SALT Encoding   

  12  0:00  SCV  
  13  0:12  SCV  
  14  0:21  Supply Depot  
  14  0:25  SCV  
  15  0:43  SCV  
  15  0:44  Barracks  
  15  0:46  Refinery  
  16  0:55  SCV  
  17  1:02  Barracks  
  17  1:07  SCV  
  18  1:19  SCV  
  19  1:30  Supply Depot  
  19  1:33  Reaper  
  19  1:38  Orbital Command  
  20  1:52  Reaper  
  21  2:05  Reaper  
  22  2:10  SCV  
  23  2:15  Barracks  
  23  2:16  Barracks  
  23  2:22  Refinery  
  23  2:23  SCV  
  24  2:35  Reaper  
  25  2:48  Bunker  
  25  2:50  Reaper  
  26  2:52  SCV  
  27  3:04  Supply Depot  
  27  3:08  Reaper  
  27  3:11  Reaper  
  28  3:17  Command Center  
  28  3:25  Reaper  
  29  3:35  Reaper  
  30  3:44  SCV  
  30  3:57  Reaper  
  30  3:58  Reaper x2  
  33  4:11  Reaper  
  32  4:27  SCV  
  32  4:31  Barracks Reactor x2  
  30  4:38  Command Center  
  28  4:44  Barracks Reactor, Barracks Tech Lab  
  28  4:48  SCV  
  29  4:56  Orbital Command  
  29  5:09  Marine  
  29  5:10  Marine x4  
  34  5:15  Bunker  
  34  5:17  Supply Depot  
  34  5:19  Supply Depot  
  32  5:24  Marine  
  32  5:25  Marine  
  28  5:33  Marine x3  
  14  5:58  SCV  
  15  6:20  Marine x4  
  16  6:30  Marine x2  
  18  6:34  Marine  
  18  6:37  SCV  
  20  6:44  Marine x2  
  22  6:50  SCV x2  
  22  6:52  Orbital Command  
  24  6:55  Marine  
  24  6:57  Marine x2  
  27  7:11  Marine x3  
  27  7:13  SCV x2  
  32  7:21  Marine x3  
  35  7:23  SCV  
  35  7:25  SCV  
  35  7:26  Marine  
  39  7:30  SCV  
  39  7:36  Marine x2  
  41  7:37  SCV x2  
  41  7:41  Marine x2  
  41  7:42  Marine  
  46  7:46  Marine x2  
  48  7:52  SCV x2  
  48  7:53  SCV  
  48  7:54  Marine  
  48  7:56  Marine  
  53  8:04  SCV x2  
  53  8:05  SCV, Marine x2  
  56  8:06  Marine  
  56  8:10  Marine x2  
  61  8:16  SCV  
Show
View Real Time Build Order
Export as new Build Order

TRiLoBiT Zerg - Winner!

Build Orders: Hatch First, Zergling Mutalisk 

Get SALT Encoding   

  12  0:01  Drone  
  13  0:08  Drone  
  14  0:18  Overlord  
  14  0:25  Extractor  
  14  0:26  Drone  
  15  0:37  Drone x2  
  17  0:54  Hatchery  
  16  0:57  Drone  
  17  1:12  Spawning Pool  
  17  1:14  Drone  
  17  1:17  Drone  
  18  1:21  Extractor  
  17  1:26  Drone  
  17  1:31  Drone  
  19  1:39  Overlord  
  19  1:49  Drone  
  20  1:59  Queen, Zergling x2  
  23  2:06  Queen  
  23  2:07  Drone  
  26  2:10  Drone  
  27  2:20  Drone  
  28  2:25  Metabolic Boost, Drone  
  28  2:28  Overlord  
  29  2:33  Spore Crawler  
  28  2:38  Drone x2, Extractor  
  30  2:48  Zergling x2  
  31  3:03  Queen, Zergling x6  
  31  3:04  Queen  
  35  3:15  Zergling x2  
  35  3:16  Zergling x10  
  40  3:30  Zergling x2  
  40  3:31  Zergling x6  
  40  3:33  Overlord  
  39  3:58  Zergling x10  
  42  4:13  Zergling x6  
  44  4:34  Drone  
  44  4:35  Drone x6  
  44  4:36  Overlord  
  51  4:44  Lair  
  51  4:50  Overlord  
  51  4:52  Hatchery  
  50  5:07  Drone  
  50  5:08  Drone x3  
  50  5:10  Overlord x2  
  51  5:23  Zergling x12  
  55  5:29  Drone x2  
  55  5:30  Extractor x2  
  55  5:31  Extractor  
  46  5:48  Drone  
  46  5:49  Drone x6  
  52  6:00  Spire  
  51  6:08  Drone x3  
  52  6:13  Overlord  
  48  6:30  Drone x4  
  52  6:33  Drone  
  52  6:34  Drone x7  
  60  6:48  Overlord  
  60  6:50  Overseer  
  60  6:57  Drone x9  
  60  6:58  Drone x2  
  71  7:04  Overlord  
  71  7:16  Mutalisk x6  
  83  7:23  Overlord  
  83  7:24  Mutalisk x2  
  83  7:25  Mutalisk  
  89  7:37  Drone  
  89  7:38  Drone x4  
  89  7:39  Mutalisk  
  89  7:40  Extractor  
  89  7:41  Extractor  
  94  7:44  Mutalisk  
  94  7:45  Hatchery  
  94  7:47  Overlord  
  94  7:51  Drone x2  
  97  7:55  Evolution Chamber  
  97  7:56  Evolution Chamber  
  95  7:59  Mutalisk x2  
  99  8:10  Zergling x16  
  99  8:11  Zergling x2  
Tags
 
Add a new tag
Caveats
  • Supply blocks, unpowered buildings, or Contaminate may cause inaccurate times.
  • Supply counts are checked every 10 seconds.